General information
- name: BNet
- type: Ladder team game (AT/RT)
- host: Battle.net
- saver: 912478124871247
map: MarketSquare
- players: 8
- length: 55:46
- speed: Fast
- version: 1.26 W3XP
- replay type: Public
» download(329 KB)
Players
team 1 (winner)
Mr.Sparkle. (
blue | 102 APM | 2903 actions | 28:26)
6 Paladin
3 Holy Light
3 Devotion Aura
5 Pandaren Brewmaster
3 Breath of Fire
2 Drunken Haze
3 Archmage
1 Brilliance Aura
2 Blizzard
» actions
| Assign group hotkey | 47 | |
| Basic commands | 413 | |
| Build / train | 129 | |
| Enter build submenu | 29 | |
| Enter hero's abilities submenu | 14 | |
| Give item / drop item | 3 | |
| Right click | 909 | |
| Select / deselect | 526 | |
| Select group hotkey | 710 | |
| Use ability | 123 | |
2903 total
» units
| Peasant | 21 | |
| Rifleman | 18 | |
| Priest | 4 | |
| Mortar Team | 10 | |
| Sorceress | 1 | |
| Spell Breaker | 4 | |
58 total
» upgrades
| Armor | 3 | |
| Gunpowder | 3 | |
| Lumber Harvesting | 2 | |
| Masonry | 2 | |
| Priest Training | 2 | |
| Sorceress Training | 2 | |
| Animal War Training | 2 | |
| Long Rifles | 1 | |
| Flare | 1 | |
| Fragmentation Shards | 1 | |
| Control Magic | 1 | |
| Plating | 2 | |
22 total
» buildings
| Lumber Mill | 1 | |
| Blacksmith | 1 | |
| Farm | 13 | |
| Barracks | 3 | |
| Altar of Kings | 1 | |
| Scout Tower | 5 | |
| Arcane Vault | 2 | |
| Arcane Tower | 6 | |
| Keep | 1 | |
| Town Hall | 2 | |
| Arcane Sanctum | 3 | |
| Workshop | 2 | |
| Castle | 1 | |
41 total
» build order
00:20 Lumber Mill
01:07 Blacksmith
01:10 Farm
01:22 Barracks
01:36 Altar of Kings
01:43 Farm
01:51 Farm
01:55 Farm
02:30 Farm
03:04 Scout Tower
03:05 Scout Tower
03:31 Arcane Vault
04:19 Arcane Tower
04:20 Arcane Tower
04:20 Arcane Tower
04:55 Keep
05:30 Arcane Tower
05:46 Town Hall
06:02 Arcane Vault
07:46 Arcane Sanctum
07:48 Arcane Sanctum
07:54 Workshop
07:57 Farm
07:59 Farm
08:38 Farm
08:43 Farm
08:53 Scout Tower
08:54 Scout Tower
08:55 Scout Tower
10:02 Castle
10:37 Arcane Tower
10:50 Barracks
10:55 Farm
10:57 Farm
11:34 Barracks
16:26 Farm
16:28 Farm
20:43 Town Hall
21:29 Arcane Sanctum
27:03 Workshop
» items
| Circlet of Nobility | 3 | |
| Periapt of Vitality | 4 | |
| Scroll of Town Portal | 3 | |
| Tome of Retraining | 1 | |
| Boots of Speed | 1 | |
| Potion of Lesser Invulnerability | 2 | |
| Orb of Fire | 1 | |
| Staff of Sanctuary | 1 | |
16 total

»
Cuba (
orange | 38 APM | 2130 actions | 55:24)
6 Archmage
1 Summon Water Elemental
2 Brilliance Aura
2 Blizzard
1 Mass Teleport
4 Dark Ranger
2 Silence
2 Life Drain
1 Paladin
1 Resurrection
» actions
| Assign group hotkey | 32 | |
| Basic commands | 45 | |
| Build / train | 143 | |
| ESC pressed | 7 | |
| Enter build submenu | 48 | |
| Enter hero's abilities submenu | 11 | |
| Right click | 960 | |
| Select / deselect | 528 | |
| Select group hotkey | 219 | |
| Use ability | 137 | |
2130 total
» units
| Peasant | 25 | |
| Footman | 10 | |
| Knight | 10 | |
| Flying Machine | 39 | |
| Rifleman | 7 | |
| Priest | 6 | |
97 total
» upgrades
| Defend | 1 | |
| Masonry | 3 | |
| Swords | 3 | |
| Animal War Training | 1 | |
| Plating | 3 | |
| Flying Machine Bombs | 1 | |
| Flak Cannons | 1 | |
| Gunpowder | 3 | |
| Barrage | 1 | |
| Sorceress Training | 1 | |
18 total
» buildings
| Farm | 24 | |
| Altar of Kings | 2 | |
| Barracks | 2 | |
| Lumber Mill | 1 | |
| Keep | 3 | |
| Blacksmith | 1 | |
| Arcane Vault | 1 | |
| Castle | 2 | |
| Workshop | 9 | |
| Town Hall | 3 | |
48 total
» build order
01:00 Farm
01:10 Altar of Kings
01:23 Farm
01:45 Barracks
02:02 Farm
02:13 Barracks
02:22 Farm
02:41 Farm
03:00 Lumber Mill
03:04 Farm
03:21 Farm
04:01 Farm
04:47 Farm
06:16 Keep
06:22 Farm
06:29 Blacksmith
08:36 Farm
08:41 Arcane Vault
08:42 Castle
10:55 Workshop
11:02 Workshop
12:04 Workshop
13:56 Farm
14:48 Farm
16:17 Farm
17:05 Farm
17:50 Farm
18:32 Farm
19:23 Town Hall
33:13 Keep
37:37 Altar of Kings
40:51 Keep
40:59 Town Hall
48:02 Farm
48:05 Farm
48:08 Farm
48:14 Farm
48:45 Farm
48:51 Castle
49:35 Town Hall
49:42 Workshop
49:46 Workshop
49:51 Workshop
50:28 Workshop
50:33 Workshop
50:36 Workshop
50:44 Farm
50:48 Farm
» items
| Potion of Lesser Invulnerability | 1 | |
| Scroll of Protection | 1 | |
| Scroll of Regeneration | 1 | |
| Scroll of Town Portal | 2 | |
| Potion of Healing | 3 | |
| Orb of Fire | 1 | |
9 total
iLoveSellingBlo (
red | 39 APM | 1113 actions | 28:37)
5 Mountain King
3 Storm Bolt
2 Bash
» actions
| Build / train | 95 | |
| Enter build submenu | 49 | |
| Enter hero's abilities submenu | 5 | |
| Remove unit from queue | 7 | |
| Right click | 500 | |
| Select / deselect | 386 | |
| Use ability | 70 | |
1113 total
» units
| Peasant | 35 | |
| Footman | 10 | |
| Knight | 9 | |
| Priest | 5 | |
| Sorceress | 2 | |
| Rifleman | 3 | |
64 total
» upgrades
| Lumber Harvesting | 2 | |
| Swords | 2 | |
| Priest Training | 2 | |
| Animal War Training | 1 | |
| Plating | 2 | |
9 total
» buildings
| Farm | 22 | |
| Altar of Kings | 3 | |
| Barracks | 4 | |
| Lumber Mill | 2 | |
| Arcane Vault | 2 | |
| Scout Tower | 7 | |
| Guard Tower | 6 | |
| Keep | 1 | |
| Blacksmith | 2 | |
| Town Hall | 2 | |
| Castle | 1 | |
| Arcane Sanctum | 2 | |
54 total
» build order
00:27 Farm
00:59 Altar of Kings
01:10 Barracks
01:13 Farm
01:58 Lumber Mill
02:09 Arcane Vault
02:13 Farm
02:52 Farm
03:30 Scout Tower
04:13 Guard Tower
04:15 Keep
05:36 Blacksmith
05:40 Town Hall
05:43 Scout Tower
05:47 Scout Tower
06:19 Farm
06:23 Guard Tower
06:25 Scout Tower
06:28 Scout Tower
07:15 Castle
07:23 Guard Tower
08:13 Guard Tower
08:19 Barracks
08:53 Barracks
08:59 Arcane Sanctum
10:31 Farm
10:42 Farm
11:17 Farm
11:23 Farm
12:11 Farm
12:13 Farm
12:19 Farm
12:26 Arcane Sanctum
13:04 Farm
13:43 Farm
20:18 Scout Tower
20:21 Altar of Kings
20:35 Lumber Mill
20:39 Guard Tower
20:43 Scout Tower
20:52 Farm
21:10 Guard Tower
21:15 Farm
21:36 Farm
21:39 Farm
23:11 Arcane Vault
23:19 Blacksmith
23:44 Farm
23:51 Farm
24:17 Barracks
26:50 Town Hall
27:05 Farm
27:46 Farm
27:54 Altar of Kings
» items
DARD.DARD (
teal | 62 APM | 3467 actions | 55:46)
7 Blademaster
3 Wind Walk
3 Critical Strike
1 Bladestorm
6 Shadow Hunter
2 Hex
3 Healing Wave
1 Big Bad Voodoo
» actions
| Assign group hotkey | 62 | |
| Basic commands | 203 | |
| Build / train | 82 | |
| Enter build submenu | 19 | |
| Enter hero's abilities submenu | 13 | |
| Give item / drop item | 1 | |
| Remove unit from queue | 1 | |
| Right click | 1583 | |
| Select / deselect | 366 | |
| Select group hotkey | 930 | |
| Use ability | 207 | |
3467 total
» units
| Peon | 22 | |
| Grunt | 5 | |
| Wind Rider | 11 | |
| Troll Batrider | 3 | |
41 total
» upgrades
| Reinforced Defenses | 1 | |
| Envenomed Spears | 1 | |
| Liquid Fire | 1 | |
| Ranged Weapons | 2 | |
| Armor | 2 | |
7 total
» buildings
| Altar of Storms | 1 | |
| Orc Burrow | 5 | |
| Barracks | 1 | |
| Stronghold | 1 | |
| Voodoo Lounge | 1 | |
| War Mill | 1 | |
| Great Hall | 1 | |
| Fortress | 2 | |
| Beastiary | 3 | |
| Watch Tower | 28 | |
44 total
» build order
00:10 Altar of Storms
00:19 Orc Burrow
00:37 Barracks
01:28 Orc Burrow
02:46 Stronghold
02:58 Voodoo Lounge
03:43 Orc Burrow
04:23 War Mill
05:40 Great Hall
05:58 Fortress
05:59 Fortress
06:31 Beastiary
09:15 Watch Tower
09:16 Watch Tower
09:16 Watch Tower
09:17 Watch Tower
09:26 Beastiary
11:11 Watch Tower
11:12 Watch Tower
11:12 Watch Tower
11:26 Orc Burrow
11:58 Watch Tower
11:58 Watch Tower
13:00 Beastiary
13:05 Orc Burrow
13:52 Watch Tower
13:52 Watch Tower
13:52 Watch Tower
13:53 Watch Tower
18:19 Watch Tower
18:19 Watch Tower
18:20 Watch Tower
18:20 Watch Tower
19:57 Watch Tower
19:57 Watch Tower
19:57 Watch Tower
19:58 Watch Tower
19:59 Watch Tower
19:59 Watch Tower
20:00 Watch Tower
20:01 Watch Tower
20:01 Watch Tower
20:02 Watch Tower
20:02 Watch Tower
» items
| Healing Salve | 4 | |
| Scroll of Town Portal | 4 | |
| Potion of Mana | 1 | |
| Tiny Great Hall | 1 | |
| Orb of Lightning | 1 | |
| Staff of Teleportation | 2 | |
| Potion of Lesser Invulnerability | 1 | |
14 total
team 2 (loser)
thankyoupeters (
purple | 46 APM | 1446 actions | 31:27)
4 Demon Hunter
2 Mana Burn
2 Evasion
5 Dark Ranger
3 Black Arrow
2 Silence
» actions
| Assign group hotkey | 82 | |
| Build / train | 62 | |
| Enter build submenu | 14 | |
| Enter hero's abilities submenu | 10 | |
| Right click | 665 | |
| Select / deselect | 305 | |
| Select group hotkey | 228 | |
| Use ability | 79 | |
1446 total
» units
| Wisp | 16 | |
| Archer | 2 | |
| Huntress | 6 | |
| Dryad | 5 | |
| Hippogryph | 4 | |
| Druid of the Claw | 4 | |
| Druid of the Talon | 3 | |
40 total
» upgrades
| Abolish Magic | 1 | |
| Strength of the Wild | 2 | |
| Reinforced Hides | 1 | |
| Druid of the Claw Training | 2 | |
6 total
» buildings
| Altar of Elders | 1 | |
| Moon Well | 5 | |
| Ancient of War | 1 | |
| Hunter's Hall | 1 | |
| Ancient Protector | 2 | |
| Tree of Ages | 1 | |
| Ancient of Wonders | 1 | |
| Ancient of Lore | 1 | |
| Ancient of Wind | 1 | |
| Tree of Eternity | 1 | |
15 total
» build order
00:08 Altar of Elders
00:11 Moon Well
00:16 Moon Well
01:23 Ancient of War
01:30 Moon Well
02:28 Hunter's Hall
03:32 Ancient Protector
03:39 Moon Well
05:02 Tree of Ages
06:27 Ancient of Wonders
07:40 Ancient of Lore
08:18 Moon Well
10:10 Ancient of Wind
12:41 Tree of Eternity
12:59 Ancient Protector
» items

»
acfuuiii (
pink | 68 APM | 3080 actions | 45:18)
7 Blademaster
3 Wind Walk
3 Critical Strike
1 Bladestorm
6 Shadow Hunter
3 Hex
3 Healing Wave
» actions
| Assign group hotkey | 83 | |
| Basic commands | 1 | |
| Build / train | 111 | |
| Enter build submenu | 21 | |
| Enter hero's abilities submenu | 13 | |
| Give item / drop item | 1 | |
| Right click | 1410 | |
| Select / deselect | 524 | |
| Select group hotkey | 771 | |
| Use ability | 145 | |
3080 total
» units
| Peon | 22 | |
| Grunt | 10 | |
| Shaman | 15 | |
| Tauren | 5 | |
| Troll Witch Doctor | 1 | |
53 total
» upgrades
| Pillage | 1 | |
| Armor | 2 | |
| Berserker Strength | 1 | |
| Melee Weapons | 1 | |
| Shaman Training | 2 | |
| Pulverize | 1 | |
| Witch Doctor Training | 2 | |
| Spiked Barricades | 2 | |
12 total
» buildings
| Orc Burrow | 11 | |
| Altar of Storms | 1 | |
| Barracks | 1 | |
| Voodoo Lounge | 1 | |
| War Mill | 1 | |
| Stronghold | 1 | |
| Great Hall | 1 | |
| Spirit Lodge | 2 | |
| Fortress | 1 | |
| Tauren Totem | 2 | |
| Watch Tower | 5 | |
27 total
» build order
00:08 Orc Burrow
00:12 Altar of Storms
00:53 Barracks
01:33 Orc Burrow
01:51 Voodoo Lounge
03:13 Orc Burrow
03:33 War Mill
04:55 Stronghold
05:23 Great Hall
08:13 Spirit Lodge
08:15 Fortress
10:57 Spirit Lodge
11:43 Tauren Totem
11:48 Tauren Totem
13:41 Orc Burrow
13:42 Orc Burrow
13:42 Orc Burrow
20:11 Watch Tower
20:11 Watch Tower
20:12 Watch Tower
20:12 Watch Tower
23:08 Watch Tower
23:15 Orc Burrow
24:02 Orc Burrow
25:44 Orc Burrow
26:30 Orc Burrow
26:31 Orc Burrow
» items
| Healing Salve | 3 | |
| Lesser Clarity Potion | 3 | |
| Scroll of Speed | 4 | |
| Potion of Healing | 5 | |
| Orb of Lightning | 1 | |
| Potion of Mana | 2 | |
| Scroll of Town Portal | 3 | |
21 total
912478124871247 (
yellow | 71 APM | 3972 actions | 55:46)
10 Archmage
3 Summon Water Elemental
3 Brilliance Aura
1 Mass Teleport
3 Blizzard
» actions
| Assign group hotkey | 122 | |
| Basic commands | 175 | |
| Build / train | 163 | |
| Enter build submenu | 65 | |
| Enter hero's abilities submenu | 10 | |
| Give item / drop item | 4 | |
| Remove unit from queue | 1 | |
| Right click | 1685 | |
| Select / deselect | 431 | |
| Select group hotkey | 1046 | |
| Use ability | 270 | |
3972 total
» units
| Peasant | 16 | |
| Footman | 7 | |
| Dragonhawk Rider | 3 | |
| Gryphon Rider | 10 | |
36 total
» upgrades
| Masonry | 3 | |
| Swords | 3 | |
| Armor | 3 | |
| Lumber Harvesting | 1 | |
| Cloud | 1 | |
| Storm Hammers | 1 | |
12 total
» buildings
| Altar of Kings | 1 | |
| Barracks | 1 | |
| Farm | 14 | |
| Arcane Vault | 1 | |
| Lumber Mill | 1 | |
| Town Hall | 2 | |
| Scout Tower | 37 | |
| Guard Tower | 58 | |
| Keep | 3 | |
| Blacksmith | 4 | |
| Castle | 4 | |
| Gryphon Aviary | 4 | |
130 total
» build order
00:58 Altar of Kings
01:02 Barracks
01:03 Farm
01:07 Farm
01:25 Farm
02:19 Arcane Vault
02:37 Farm
04:00 Farm
04:09 Lumber Mill
05:04 Town Hall
05:06 Scout Tower
05:07 Scout Tower
05:08 Scout Tower
05:09 Scout Tower
05:42 Guard Tower
05:43 Guard Tower
05:43 Guard Tower
05:46 Scout Tower
05:47 Scout Tower
05:48 Scout Tower
05:49 Scout Tower
05:51 Scout Tower
06:28 Guard Tower
06:29 Guard Tower
06:31 Guard Tower
06:31 Guard Tower
07:02 Keep
07:02 Keep
07:09 Guard Tower
07:09 Guard Tower
08:07 Guard Tower
08:08 Guard Tower
08:08 Guard Tower
08:08 Guard Tower
08:52 Blacksmith
10:31 Castle
10:32 Castle
10:32 Castle
10:34 Gryphon Aviary
10:35 Gryphon Aviary
10:39 Scout Tower
10:41 Scout Tower
10:42 Scout Tower
10:47 Scout Tower
10:51 Scout Tower
11:19 Guard Tower
11:19 Guard Tower
11:19 Guard Tower
11:20 Guard Tower
11:20 Guard Tower
11:21 Guard Tower
11:29 Guard Tower
11:29 Guard Tower
13:48 Farm
13:49 Farm
15:35 Gryphon Aviary
15:36 Gryphon Aviary
17:09 Farm
17:10 Farm
18:24 Farm
18:24 Farm
20:02 Farm
20:10 Blacksmith
20:11 Blacksmith
20:13 Blacksmith
20:14 Scout Tower
20:16 Scout Tower
20:20 Scout Tower
20:21 Scout Tower
20:23 Scout Tower
20:25 Scout Tower
20:47 Farm
20:47 Farm
20:50 Guard Tower
20:51 Guard Tower
20:51 Guard Tower
20:57 Guard Tower
20:58 Guard Tower
21:17 Guard Tower
21:17 Guard Tower
21:30 Guard Tower
21:31 Guard Tower
21:31 Guard Tower
22:15 Guard Tower
22:15 Guard Tower
22:15 Guard Tower
22:19 Scout Tower
22:20 Scout Tower
22:21 Scout Tower
22:25 Scout Tower
22:28 Scout Tower
22:32 Scout Tower
22:33 Scout Tower
22:39 Scout Tower
22:39 Scout Tower
22:43 Scout Tower
22:44 Scout Tower
23:50 Guard Tower
23:50 Guard Tower
23:50 Guard Tower
24:27 Scout Tower
24:29 Scout Tower
24:56 Guard Tower
24:56 Guard Tower
25:05 Guard Tower
25:05 Guard Tower
25:06 Guard Tower
27:03 Guard Tower
27:03 Guard Tower
27:03 Guard Tower
28:14 Town Hall
28:16 Scout Tower
28:17 Scout Tower
28:18 Scout Tower
28:19 Scout Tower
29:05 Guard Tower
29:05 Guard Tower
29:05 Guard Tower
» items
| Scroll of Regeneration | 8 | |
| Mechanical Critter | 4 | |
| Periapt of Vitality | 1 | |
| Staff of Teleportation | 1 | |
| Scroll of Town Portal | 2 | |
| Staff of Sanctuary | 1 | |
17 total

»
darksideofhemp (
green | 61 APM | 2022 actions | 32:56)
8 Tauren Chieftain
3 Shockwave
3 Endurance Aura
1 Reincarnation
1 War Stomp
3 Shadow Hunter
1 Hex
2 Healing Wave
» actions
| Assign group hotkey | 26 | |
| Basic commands | 268 | |
| Build / train | 89 | |
| ESC pressed | 2 | |
| Enter build submenu | 23 | |
| Enter hero's abilities submenu | 11 | |
| Remove unit from queue | 3 | |
| Right click | 969 | |
| Select / deselect | 475 | |
| Select group hotkey | 56 | |
| Use ability | 100 | |
2022 total
» units
| Peon | 15 | |
| Grunt | 7 | |
| Wind Rider | 11 | |
| Shaman | 6 | |
| Troll Batrider | 3 | |
| Spirit Walker | 1 | |
| Troll Witch Doctor | 2 | |
45 total
» upgrades
| Pillage | 1 | |
| Spiked Barricades | 1 | |
| Shaman Training | 2 | |
| Ranged Weapons | 3 | |
| Witch Doctor Training | 2 | |
| Envenomed Spears | 1 | |
| Armor | 2 | |
| Liquid Fire | 1 | |
| Berserker Upgrade | 1 | |
14 total
» buildings
| Altar of Storms | 1 | |
| Orc Burrow | 7 | |
| Barracks | 1 | |
| Voodoo Lounge | 1 | |
| Stronghold | 1 | |
| War Mill | 1 | |
| Fortress | 1 | |
| Great Hall | 3 | |
| Watch Tower | 4 | |
| Spirit Lodge | 2 | |
| Beastiary | 3 | |
25 total
» build order
00:09 Altar of Storms
00:12 Orc Burrow
00:19 Barracks
01:47 Orc Burrow
01:50 Orc Burrow
02:19 Voodoo Lounge
03:23 Orc Burrow
04:51 Stronghold
05:55 War Mill
05:58 Orc Burrow
07:36 Fortress
07:48 Great Hall
08:42 Watch Tower
08:46 Watch Tower
10:38 Spirit Lodge
10:41 Spirit Lodge
10:49 Beastiary
11:21 Beastiary
14:33 Orc Burrow
17:31 Orc Burrow
17:40 Beastiary
26:55 Great Hall
26:59 Watch Tower
27:01 Watch Tower
32:15 Great Hall
» items
| Healing Salve | 5 | |
| Scroll of Speed | 2 | |
| Scroll of Town Portal | 4 | |
| Orb of Lightning | 1 | |
12 total
Chat log
(01:56 / Allies) thankyoupeters: plan
(02:13 / Allies) 912478124871247: yeah
(03:34 / All) DARD.DARD: goa way nigger
(03:42 / All) 912478124871247: go away nigger red
(05:25 / Allies) thankyoupeters: hit mid sson?
(07:27 / Allies) darksideofhemp: b
(07:46 / Allies) thankyoupeters: hit mid now
(08:00 / Allies) darksideofhemp: b
(08:25 / Allies) thankyoupeters: hit before they clear
(10:53 / Allies) darksideofhemp: luber?
(11:09 / Allies) acfuuiii: 2000
(11:21 / Allies) acfuuiii: foots
(11:25 / Allies) acfuuiii: nooobs
(11:42 / Allies) 912478124871247: I'm getting gryphons
(11:50 / Allies) thankyoupeters: hope you have them soon
(12:01 / Allies) thankyoupeters: pink your expo
(12:50 / Allies) thankyoupeters: meet
(13:22 / Allies) 912478124871247: hit here if we hit a main
(13:24 / Allies) 912478124871247: or else expos
(13:33 / Allies) darksideofhemp: meet
(14:04 / Allies) thankyoupeters: yellow
(14:10 / Allies) 912478124871247: I'm coming
(14:11 / Allies) 912478124871247: I wanted level 5
(14:15 / Allies) acfuuiii: 4000
(14:37 / Allies) 912478124871247: don't hit teal he sucks
(15:05 / Allies) 912478124871247: hit somewhere else teal sucks
(16:08 / Allies) darksideofhemp: b
(16:45 / All) 912478124871247: Gay
(16:50 / All) 912478124871247: Would be level 6 if not for you gay ass solo hero
(17:44 / All) 912478124871247: lol nice trapped knight
(18:02 / Allies) acfuuiii: 5000
(18:27 / Allies) 912478124871247: help
(20:22 / Allies) darksideofhemp: nexzt
(20:42 / Allies) darksideofhemp: gogo
(21:47 / Allies) darksideofhemp: lumber?
(22:18 / Allies) thankyoupeters: we have to hit
(22:21 / Allies) thankyoupeters: they have too many expos
(23:48 / Allies) darksideofhemp: finish
(27:44 / Allies) darksideofhemp: help
(28:29 / All) thankyoupeters: gg
(28:38 / Allies) darksideofhemp: help
(28:57 / Allies) 912478124871247: that's why you don't question my gold count, bitch
(29:00 / Allies) darksideofhemp: help
(29:22 / All) 912478124871247: Pink has delicious unupgraded burrows
(29:36 / Allies) darksideofhemp: ielow stop
(29:45 / Allies) darksideofhemp: why
(29:49 / Allies) 912478124871247: He was a whiner
(30:03 / Allies) darksideofhemp: help me
(30:10 / Allies) 912478124871247: eh, think I'll pass
(30:16 / Allies) acfuuiii: retadado fdp
(30:19 / Allies) acfuuiii: noobs
(30:22 / Allies) 912478124871247: retadado?
(30:29 / Allies) darksideofhemp: vai tomar no cu
(30:30 / Allies) acfuuiii: fdp
(30:31 / Allies) darksideofhemp: lose
(30:37 / Allies) 912478124871247: brasil?
(30:46 / Allies) acfuuiii: so podia ser
(30:53 / Allies) 912478124871247: pedicabo ego vos et irrumabo
(30:54 / Allies) acfuuiii: tao retardado
(31:10 / Allies) darksideofhemp: pensei que so o americanos eram tao burros
(31:12 / Allies) acfuuiii: troxa
(31:18 / All) 912478124871247: I have 2 spics on my team
(31:20 / Allies) darksideofhemp: cara fdp
(32:29 / Allies) darksideofhemp: cara loco
(32:34 / Allies) darksideofhemp: que merda
(32:42 / Allies) darksideofhemp: tava bom pra ser verdade
(32:56 / Allies) 912478124871247: Speak English, this is the USA
(33:02 / Allies) 912478124871247: This is the USA East Coast server
(34:21 / All) 912478124871247: btw, would've made more sense to make panda first rather than last
(34:23 / All) 912478124871247: against my army
(35:06 / All) DARD.DARD: def teh spic game
(35:18 / All) 912478124871247: I guess only spics still play
(36:04 / All) DARD.DARD: el mexico vs el cuba
(36:06 / All) DARD.DARD: who wins
(36:16 / All) 912478124871247: Everyone is a loser when both Mexico and Cuba are involved
(37:33 / Allies) 912478124871247: you still have 1 shaman, my south american friend
(37:38 / Allies) acfuuiii: vai toma no seu cu fdp
(38:03 / All) 912478124871247: FDP is son of a bitch apparently
(38:06 / All) 912478124871247: they keep saying it to me
(38:13 / All) 912478124871247: filho da puta, pink!
(38:20 / Allies) acfuuiii: vc vai sae ae eu ganho
(38:26 / Allies) 912478124871247: filho da puta!
(38:32 / Allies) acfuuiii: otario
(38:41 / Allies) 912478124871247: I will filho in your puta, pussy, get fucked
(39:02 / Allies) 912478124871247: filho da puta! FDP! FDP!
(39:14 / All) 912478124871247: I thought FDP looked like a political party
(40:05 / All) DARD.DARD: donde esta cuba el gringo mustavo
(40:17 / All) DARD.DARD: du mudre
(40:21 / All) DARD.DARD: chingo
(40:24 / All) DARD.DARD: cheech chong
(42:18 / All) 912478124871247: I hope one of these gentlemen leave soon
(42:21 / All) 912478124871247: Orange you lose
(43:33 / Allies) acfuuiii: ganha ae trocha
(43:38 / Allies) acfuuiii: kkkk
(43:42 / Allies) 912478124871247: you lose
(43:44 / Allies) 912478124871247: FDP FDP FDP!
(43:47 / Allies) 912478124871247: you lose bitch!
(43:48 / Allies) 912478124871247: FDP!
(43:51 / Allies) 912478124871247: FDP! FDP! FDP!
(43:54 / Allies) acfuuiii: kkkk
(44:01 / Allies) acfuuiii: menininha
(45:23 / All) 912478124871247: Bad luck for you orange
(45:24 / All) 912478124871247: You lose
(48:07 / All) DARD.DARD: he isnt giving up
(53:35 / All) 912478124871247: alt tabbed, the game still going?
(53:38 / All) 912478124871247: I'll kill red base
(53:49 / All) DARD.DARD: hes constantly rebuilding everywhere trying to
(55:00 / All) DARD.DARD: we're having really bad luck; always on outside always our bases getting hit
(55:27 / All) 912478124871247: nice
(55:30 / All) 912478124871247: Who team loses?
(55:37 / All) 912478124871247: I say mine since it has 2 BRs
(55:39 / All) 912478124871247: yours had 1
(55:44 / All) DARD.DARD: k